 Dungeon Crawl Stone Soup version 0.32-a0-765-gfba4d74c8c (webtiles) character file.

Game seed: 1037915791863577214

322 GordonOverkill the Sneak (level 6, -1/48 HPs)
             Began as a Demonspawn Delver on Mar 18, 2024.
             Succumbed to a kobold brigand's curare-tipped dart
             ... in a sewer.
             The game lasted 00:03:42 (858 turns).

GordonOverkill the Sneak (Demonspawn Delver)         Turns: 858, Time: 00:03:43

Health: -1/48      AC:  3    Str: 15    XL:     6   Next: 22%
Magic:  6/6        EV: 11    Int: 10    God:
Gold:   56         SH:  0    Dex: 14    Spells: 5/5 levels left

rFire   . . .        h - +0 war axe
rCold   . . .        (no shield)
rNeg    . . .        b - +0 leather armour
rPois   .            (helmet unavailable)
rElec   .            (no cloak)
rCorr   .            (no gloves)
SInv    +            (no boots)
Will    .....        (no amulet)
Stlth   +            (no ring)
HPRegen 0.28/turn    (no ring)
MPRegen 0.10/turn

%: no passive effects
@: lethally poisoned (-1 -> -24), slowed, very slow
A: antennae 3, powered by pain 1
a: no special abilities


You were in a sewer.
You visited 1 branch of the dungeon, and saw 4 of its levels.
You also visited: Sewer.

You collected 56 gold pieces.

Inventory:

Hand Weapons
 h - a +0 war axe (weapon)
Armour
 b - a +0 leather armour (worn)
Wands
 g - a wand of digging (3)
Scrolls
 c - a scroll of fog
 d - a scroll of revelation
 e - a scroll of fear


   Skills:
 - Level 4.0 Fighting
 - Level 4.0 Axes
 - Level 3.0 Dodging
 - Level 4.5 Stealth
 + Level 2.9 Evocations


You had 5 spell levels left.
You didn't know any spells.
Your spell library was empty.

Dungeon Overview and Level Annotations

Branches:
Dungeon (6/15)              Sewer (1/1)
 Temple: D:4-7

Altars:


Innate Abilities, Weirdness & Mutations

You have a pair of large antennae on your head. (SInv)
You sometimes gain a little power by taking damage.


Message History

Moving in this stuff is going to be slow.
Found a gate leading back out of this place.
A kobold comes into view. It is wielding a +0 dagger.
The kobold shouts!
A jackal comes into view.
A kobold comes into view.
It is wielding a +0 dagger and quivering poisoned darts.
The kobold shouts!
You hear a shout!
A kobold brigand comes into view.
It is wielding a +0 whip and quivering curare-tipped darts.
A kobold comes into view. It is wielding a +0 club.
The kobold brigand throws a curare-tipped dart.
The curare-tipped dart barely misses you.
The kobold brigand throws a curare-tipped dart.
The curare-tipped dart hits you.
You are poisoned.
You have difficulty breathing.
You feel yourself slow down.
You feel extremely sick.
The kobold throws a poisoned dart.
The poisoned dart hits you!
You are more poisoned.
The kobold brigand throws a curare-tipped dart.
The curare-tipped dart closely misses you.
You feel extremely sick.
The kobold brigand throws a curare-tipped dart.
The curare-tipped dart closely misses you.
The kobold brigand throws a curare-tipped dart.
The curare-tipped dart hits you.
You are more poisoned.
You have difficulty breathing.
* * * LOW HITPOINT WARNING * * *
You feel as though you will be slow longer.
You feel very sick.
The kobold throws a poisoned dart.
The poisoned dart hits you!
You are more poisoned.
The kobold attacks as it pursues you! The kobold closely misses you.
The kobold brigand throws a curare-tipped dart.
The curare-tipped dart hits you.
You are lethally poisoned!
You have difficulty breathing.
* * * LOW HITPOINT WARNING * * *
You feel as though you will be slow longer.
You die...

#..h..~.# #.~~K~~~#
#~~≈≈≈~~# #.~≈≈≈~.#
#.~≈≈≈~~# #.~~≈~~K#
#.~~≈~..#
#~~~≈~~~##################
#..~≈~~K~@~~~~~~~~~~~~~~~~
#..~≈~~~##################
##.~≈~~## #.~≈~.# #.~≈≈~#
∩..~≈~.# ###.~≈~.# #.~≈~.#


You could see a kobold.

Vanquished Creatures
  An ogre (D:5)
  Blork the orc (D:6)
  A scorpion (D:4)
  A hound (D:3)
  6 adders
  A river rat (Sewer)
  A ribbon worm (D:5)
  A dart slug (D:4)
  7 orcs (D:3)
  An endoplasm (D:3)
  2 giant cockroaches (D:3)
  A rat (Sewer)
24 creatures vanquished.

Notes
Turn   | Place    | Note
-------+----------+-------------------------------------------
     0 | D:5      | GordonOverkill the Demonspawn Delver began the quest for
                  | the Orb.
     0 | D:5      | Reached XP level 1. HP: 18/18 MP: 1/1
     8 | D:5      | Noticed an ogre
    26 | D:5      | Killed an ogre
    27 | D:5      | Gained mutation: You sometimes gain a little power by
                  | taking damage. [demonic ancestry]
    27 | D:5      | Reached XP level 2. HP: 13/24 MP: 2/2
    27 | D:5      | Reached XP level 3. HP: 16/29 MP: 3/3
    27 | D:5      | Gained mutation: You have a pair of small antennae on your
                  | head. [demonic ancestry]
    27 | D:5      | Reached XP level 4. HP: 20/35 MP: 4/4
   130 | D:6      | Noticed Blork the orc
   158 | D:6      | Killed Blork the orc
   159 | D:6      | Gained mutation: You have a pair of antennae on your head.
                  | [demonic ancestry]
   159 | D:6      | Reached XP level 5. HP: 32/42 MP: 5/5
   353 | D:3      | Gained mutation: You have a pair of large antennae on your
                  | head. (SInv) [demonic ancestry]
   353 | D:3      | Reached XP level 6. HP: 7/48 MP: 6/6
   438 | D:3      | Found a glowing drain.
   767 | Sewer    | Entered a sewer
   858 | Sewer    | Succumbed to a kobold brigand's curare-tipped dart

Illustrated notes

Levels and vault maps discovered:
D:3:      layout_rooms, fedhas_altar_4, gup_sewer_entry_glass,
          hellmonk_ecumenical_altar_zigzags, minmay_misc_feat_room
D:4:      layout_rooms, minmay_temple_entry_slanted
D:5:      layout_loops_cross, kennysheep_diamond, minmay_fractal_squares_5,
          uniq_grinder
D:6:      layout_loops_cross, minivault_25, uniq_edmund, uniq_blork_the_orc
Sewer:    sewer_kobolds

Skill      XL: |  1  2  3  4  5 |
---------------+----------------+-----
Axes           | 3 4 |  4.0
Evocations     | 2 |  2.9
Fighting       | 4 |  4.0
Dodging        | 3 |  3.0
Stealth        | |  4.5

Action                     |  1- 3 |  4- 6 || total
---------------------------+-------+-------++-------
  Melee: Hand axe          |     5 |    79 ||    84
         War axe           |       |    36 ||    36
  Evoke: Wand              |     1 |    11 ||    12
    Use: Scroll            |       |     1 ||     1
         Potion            |       |     1 ||     1
   Stab: Paralysed         |     5 |    22 ||    27
         Sleeping          |       |     2 ||     2
 Armour: Leather armour    |     6 |    61 ||    67
  Dodge: Dodged            |     1 |    59 ||    60

Table legend: (Time is in decaauts)
 A = Elapsed time spent in this place.
 B = Non-inter-level travel time spent in this place.
 C = Inter-level travel time spent in this place.
 D = Time resting spent in this place.
 E = Time spent auto-exploring this place.
 F = Levels seen in this place.
 G = Mean time per level.
                   A        B        C        D        E       F      G
               +--------+--------+--------+--------+--------+-----+--------+
         Total |    883 |    883 |      0 |    462 |      0 |   5 |  176.6 |
       Dungeon |    772 |    772 |      0 |    421 |      0 |   4 |  193.0 |
         Sewer |    111 |    111 |      0 |     41 |      0 |   1 |  111.0 |
               +--------+--------+--------+--------+--------+-----+--------+

Top non-repeatable levels by time:
     D:3: 454 daAuts
     D:5: 143 daAuts
   Sewer: 111 daAuts
     D:4: 87 daAuts
     D:6: 86 daAuts
